 Dungeon Crawl Stone Soup version 0.28-a0-565-g7719699 (webtiles) character file.

Game seed: 5672662179051168920

28 Sixotanaka the Slasher (level 3, -4/27 HPs)
             Began as a Merfolk Gladiator on Sept 30, 2021.
             Slain by an ogre (31 damage)
             ... on level 4 of the Dungeon.
             The game lasted 00:02:25 (783 turns).

Sixotanaka the Slasher (Merfolk Gladiator)           Turns: 783, Time: 00:02:25

Health: -4/27      AC:  6    Str: 14    XL:     3   Next: 12%
Magic:  3/3        EV: 13    Int:  7    God:
Gold:   72         SH:  0    Dex: 16    Spells: 2/2 levels left

rFire   . . .      SeeInvis .   a - +0 long sword
rCold   . . .      Faith    .   (no shield)
rNeg    . . .      Spirit   .   b - +0 leather armour
rPois   .          Reflect  .   h - +1 helmet
rElec   .          Harm     .   (no cloak)
rCorr   .          Rampage  .   (no gloves)
Will    .....                   g - +0 pair of boots
Stlth   +.........              (no amulet)
HPRegen 0.09/turn               (no ring)
MPRegen 0.08/turn               (no ring)

@: no status effects
A: (nimble swimmer 2), mertail
a: no special abilities


You were on level 4 of the Dungeon.
You visited 1 branch of the dungeon, and saw 3 of its levels.

You collected 72 gold pieces.

Inventory:

Hand Weapons
 a - a +0 long sword (weapon)
Missiles
 d - 3 throwing nets (quivered)
Armour
 b - a +0 leather armour (worn)
 g - a +0 pair of boots (worn)
 h - a +1 helmet (worn)
Scrolls
 f - 2 scrolls of magic mapping {unknown}
Potions
 c - 2 potions of mutation {unknown}


   Skills:
 - Level 2.1 Fighting
 + Level 4.6 Long Blades
 - Level 2.0 Throwing
 - Level 4.0 Dodging


You had 2 spell levels left.
You didn't know any spells.
Your spell library contained the following spells:

 Spells                   Type           Power      Damage    Failure   Level
 Sting                    Tmut/Pois      0%         1d3       52%         1
 Ensorcelled Hibernation  Hex/Ice        0%         N/A       65%         2
 Poisonous Vapours        Pois/Air       0%         N/A       65%         2
 Spider Form              Tmut/Pois      0%         N/A       87%         3
 Olgreb's Toxic Radiance  Pois           0%         N/A       99%         4


Dungeon Overview and Level Annotations

Branches:
Dungeon (2/15)

Altars:


Innate Abilities, Weirdness & Mutations

((You are quick and stealthy near water. (Stealth+, EV+, Speed+++)))
Your lower body shifts to a powerful aquatic tail in water.


Message History

Drop what? 8/52 slots (_ for help) (? for menu, Esc to quit)
You drop a +0 helmet.
You drop a ring of fire.
A bat comes into view.
A bat is nearby!
Found a leather armour.
The bat barely misses you. The bat hits you but does no damage.
You slash the bat!
You kill the bat!
No target in view!
No target in view!
You pick up a Young Poisoner's Handbook and begin reading...
You add the spells Sting, Poisonous Vapours and Olgreb's Toxic Radiance to your library.
You fall into a shaft and drop 2 floors!
The shaft crumbles and collapses.
Found 2 bubbling blue potions.
Found an escape hatch in the floor.
c - 2 bubbling blue potions An orc comes into view.
It is wielding a +0 trident.
Found a stone staircase leading down.
The orc shouts!
A goblin comes into view. It is wielding a +1 dagger of venom.
You start waiting.
A goblin is nearby!
An ogre comes into view. It is wielding a +0 giant club.
The goblin closely misses you.
You hit the goblin.
The goblin is heavily wounded.
The orc barely misses you.
An adder comes into view.
The goblin completely misses you.
You barely miss the ogre. The ogre misses you.
You slash the ogre!
The ogre is moderately wounded.
The ogre closely misses you.
You slash the ogre!
The ogre is severely wounded.
The ogre hits you with a +0 giant club!!
Ouch! That really hurt!
You die...

#.# #. #.#
... #.#
#.## #.#
#..>##.#
#..#.#
#...# ##..#
#.@# #O##
#g.# ...>S
......#
.........
...#.##..##
...##.# #..
...# #.#
...


You could see an ogre and a goblin.

Vanquished Creatures
  A ball python (D:1)
  4 endoplasms (D:1)
  A giant cockroach (D:1)
  2 goblins
  5 hobgoblins (D:1)
  A kobold (D:1)
  A quokka (D:1)
  5 bats
  3 rats (D:1)
23 creatures vanquished.

Notes
Turn   | Place    | Note
-------+----------+-------------------------------------------
     0 | D:1      | Sixotanaka the Merfolk Gladiator began the quest for the
                  | Orb.
     0 | D:1      | Reached XP level 1. HP: 16/16 MP: 1/1
    61 | D:1      | Reached XP level 2. HP: 19/22 MP: 2/2
   516 | D:1      | Reached XP level 3. HP: 27/27 MP: 3/3
   767 | D:2      | You fall into a shaft and drop 2 floors!
   778 | D:4      | Noticed an ogre
   783 | D:4      | Slain by an ogre

Illustrated notes

Levels and vault maps discovered:
D:1:      psy_arrival_basics, layout_rooms
D:2:      layout_basic, serial_shops, shop,
          hellmonk_ecumenical_altar_arch_garden
D:4:      layout_rooms, grunt_ministairs_13

Skill      XL: |  1  2 |
---------------+-------+-----
Long Blades    | 4 |  4.6
Fighting       | |  2.1
Throwing       | |  2.0
Dodging        | |  4.0

Action                   || total
-------------------------++-------
Melee: Long sword        ||    55
Armor: Leather armour    ||    22
Dodge: Dodged            ||    50

Table legend: (Time is in decaauts)
 A = Elapsed time spent in this place.
 B = Non-inter-level travel time spent in this place.
 C = Inter-level travel time spent in this place.
 D = Time resting spent in this place.
 E = Time spent auto-exploring this place.
 F = Levels seen in this place.
 G = Mean time per level.
                   A        B        C        D        E       F      G
               +--------+--------+--------+--------+--------+-----+--------+
         Total |    793 |    755 |     38 |    127 |    422 |   3 |  264.3 |
       Dungeon |    793 |    755 |     38 |    127 |    422 |   3 |  264.3 |
               +--------+--------+--------+--------+--------+-----+--------+

Top non-repeatable levels by time:
     D:1: 743 daAuts
     D:2: 33 daAuts
     D:4: 16 daAuts
